 Dungeon Crawl Stone Soup version 0.31-a0-246-g8cbcc1cb85 (webtiles) character file.

Game seed: 13108022736408532205

620 qw the Shooter (level 7, 0/43 HPs)
             Began as a Gargoyle Hexslinger on July 12, 2023.
             Slain by an orc priest
             ... wielding a +0 hand axe
              (4 damage)
             ... on level 4 of the Dungeon.
             The game lasted 00:01:19 (2512 turns).

qw the Shooter (Gargoyle Hexslinger)                Turns: 2512, Time: 00:01:20

Health: 0/43       AC: 11    Str: 17    XL:     7   Next: 46%
Magic:  8/8        EV: 11    Int: 14    God:
Gold:   48         SH:  0    Dex: 14    Spells: 7/8 levels left

rFire   . . .        Y - +2 sling (drain)
rCold   . . .        (no shield)
rNeg    + + .        e - +0 ring mail
rPois   inf          (no helmet)
rElec   +            (no cloak)
rCorr   .            j - +0 pair of gloves
SInv    .            (no boots)
Will    .....        (no amulet)
Stlth   +            b - ring of positive energy
HPRegen 0.27/turn    l - +6 ring of strength
MPRegen 0.11/turn

%: no passive effects
@: about to teleport
A: sickness immunity, AC +4, negative energy resistance 1, electricity
resistance, torment resistance 1, petrification resistance
a: no special abilities


You were on level 4 of the Dungeon.
You visited 2 branches of the dungeon, and saw 5 of its levels.

You collected 204 gold pieces.
You spent 156 gold pieces at shops.


Innate Abilities, Weirdness & Mutations

You are immune to sickness and miasma.
Your stone body is resilient. (AC +4)
You are immune to poison.
You resist negative energy. (rN+)
You are resistant to electric shocks. (rElec)
You are resistant to unholy torment.
You are immune to petrification.


   Skills:
 - Level 4.0 Fighting
 + Level 7.0 Ranged Weapons
 - Level 1.2 Armour
 - Level 1.5 Dodging
 - Level 1.0 Spellcasting
 - Level 2.6 Hexes


You had 7 spell levels left.
You knew the following spells:

 Your Spells              Type           Power      Damage    Failure   Level
a - Slow                  Hex            32%        N/A       16%         1

Your spell library contained the following spells:

 Spells                   Type           Power      Damage    Failure   Level
 Inner Flame              Hex/Fire       4%         N/A       63%         3
 Portal Projectile        Hex/Tloc       8%         N/A       63%         3
 Cause Fear               Hex            4%         N/A       85%         4

Inventory:

Hand Weapons
 Y - a +2 sling of draining (weapon)
Armour
 e - a +0 ring mail (worn)
 j - a +0 pair of gloves (worn)
Jewellery
 b - a ring of positive energy (left hand)
 l - a +6 ring of strength (right hand)
Scrolls
 h - 6 scrolls of identify
 m - a scroll of amnesia {unknown}
Potions
 a - a potion of resistance {unknown}
 c - a potion of haste
 d - a potion of invisibility {unknown}
 f - a potion of heal wounds
 g - a potion of mutation {unknown}
 k - a potion of ambrosia {unknown}
 n - a potion of lignification {unknown}

Dungeon Overview and Level Annotations

Branches:
Dungeon (4/15)             Temple (1/1) D:4

Altars:
Ashenzari
Cheibriados
Dithmenos
Fedhas
Makhleb
Qazlal
Ru
Xom
Zin

Shops:
D:4 ?


Message History

The orc priest looks encouraged for a moment.
You shoot a sling bullet. The sling bullet hits the orc wizard.
You drain the orc wizard.
You kill the orc wizard!
Your Ranged Weapons skill increases to level 7!
You shoot a sling bullet.
The sling bullet closely misses the orc priest.
The orc priest hits you but does no damage.
You shoot a sling bullet.
The sling bullet barely misses the orc priest.
The orc hits you with a +0 club. The orc priest closely misses you.
You shoot a sling bullet. The sling bullet hits the orc priest.
The orc priest is moderately wounded.
The orc closely misses you.
The orc priest hits you but does no damage. x2
The orc misses you.
You shoot a sling bullet.
The sling bullet hits the orc priest but does no damage.
You drain the orc priest.
The orc priest is heavily wounded.
The orc hits you but does no damage. The orc priest misses you.
You shoot a sling bullet.
The sling bullet closely misses the orc priest.
The orc priest invokes the aid of Beogh against you.
You are unaffected.
The orc hits you but does no damage.
You shoot a sling bullet.
The sling bullet hits the orc priest but does no damage.
The orc priest is heavily wounded.
The orc hits you but does no damage.
The orc priest hits you with a +0 hand axe.
You shoot a sling bullet. The sling bullet hits the orc priest.
The orc priest is almost dead.
The orc hits you but does no damage.
The orc priest mumbles some strange prayers to Beogh against you.
Beogh smites you!
2512 ||| READING scroll of teleportation.
As you read the scroll of teleportation, it crumbles to dust.
You feel strangely unstable.
The orc priest hits you with a +0 hand axe.
You die...

#### ##### #... #...#
#... ####..o####... ...
#..'..@o...... ...
#.##..)####... ###
#.#...<..# #
#.##.#.#.##### #######
#.##.#.#.>... .......
#.##.#.#....# #######
#.##.#....#.#####.....#
#.##.###........#.###.#
#.##.#.>..#..##.#.# #.#


You could see an orc priest (very drained) and an orc.

Vanquished Creatures
  A sky beast (D:4)
  A black bear (D:4)
  A scorpion (D:4)
  2 hounds (D:4)
  Natasha (twice) (D:4)
  4 orc wizards
  4 gnolls (D:3)
  3 adders (D:3)
  2 ufetubi
  A worm (D:3)
  4 dart slugs
  12 orcs
  6 ball pythons
  5 endoplasms
  4 giant cockroaches
  3 hobgoblins
  5 kobolds
  3 quokkas
  5 bats
  6 frilled lizards
  11 goblins
  7 rats
92 creatures vanquished.

Notes
Turn   | Place    | Note
-------+----------+-------------------------------------------
     0 | D:1      | qw the Gargoyle Hexslinger began the quest for the Orb.
     0 | D:1      | Reached XP level 1. HP: 12/12 MP: 2/2
     0 | D:1      | 0 ||| qw: Version: 0.3-a-52-g30416fa
     0 | D:1      | 0 ||| qw: Game counter: 6286
     0 | D:1      | 0 ||| qw: Melee chars always use a shield: true
     0 | D:1      | 0 ||| qw: God list: Okawaru
     0 | D:1      | 0 ||| qw: Allow faded altars: false
     0 | D:1      | 0 ||| qw: Do Orc after clearing Dungeon:15 true
     0 | D:1      | 0 ||| qw: Do second Lair branch before Depths: true
     0 | D:1      | 0 ||| qw: Lair rune preference: random
     0 | D:1      | 0 ||| qw: Goals: Normal
     0 | D:1      | 0 ||| PLANNING D:1-11
    91 | D:1      | Reached XP level 2. HP: 16/16 MP: 3/3
   129 | D:1      | Reached skill level 3 in Ranged Weapons
   447 | D:1      | 447 ||| UPGRADING to +0 leather armour.
   457 | D:1      | 457 ||| DROPPING +0 robe.
   458 | D:1      | 458 ||| UPGRADING to +0 ring mail.
   468 | D:1      | 468 ||| DROPPING +0 leather armour.
   469 | D:1      | 469 ||| READING scroll labelled OSEYSIOSEX.
   470 | D:1      | 470 ||| READING scroll labelled XUP TIXZIAPAL.
   471 | D:1      | 471 ||| READING 3 scrolls labelled TOAMMO QUMA.
   472 | D:1      | 472 ||| READING scroll labelled ROMUNGEJERGH.
   477 | D:1      | 477 ||| READING scroll labelled SYLLIPP GAQITICZI.
   478 | D:1      | 478 ||| READING scroll labelled CYMUPI QAGU.
   479 | D:1      | 479 ||| DROPPING scroll of poison.
   515 | D:2      | Reached XP level 3. HP: 21/21 MP: 4/4
   544 | D:2      | Found a faded altar of an unknown god.
   990 | D:2      | 990 ||| READING scroll labelled KUMAPE YCWAS.
   991 | D:2      | 991 ||| READING 2 scrolls of identify.
   991 | D:2      | 991 ||| IDENTIFYING murky cyan potion
  1035 | D:3      | Found a burning altar of Makhleb.
  1065 | D:3      | 1065 ||| FLEEEEING.
  1066 | D:3      | 1066 ||| FLEEEEING.
  1068 | D:3      | 1068 ||| FLEEEEING.
  1069 | D:3      | 1069 ||| FLEEEEING.
  1070 | D:3      | 1070 ||| STAIRDANCE
  1102 | D:3      | 1102 ||| STAIRDANCE
  1105 | D:2      | 1105 ||| DRINKING potion of curing.
  1105 | D:2      | 1105 ||| (to cure confusion)
  1109 | D:2      | Reached skill level 4 in Ranged Weapons
  1109 | D:2      | Reached XP level 4. HP: 22/26 MP: 5/5
  1127 | D:3      | 1127 ||| STAIRDANCE
  1255 | D:3      | Identified the +5 hand axe of the Insatiable Stories
                  | {flame, rElec rC- Int+6}
  1256 | D:3      | Reached skill level 1 in Armour
  1271 | D:3      | Reached XP level 5. HP: 20/30 MP: 6/6
  1436 | D:3      | 1436 ||| Stepping ~*~*~tactically~*~*~ (outnumbered).
  1451 | D:3      | 1451 ||| FLEEEEING.
  1452 | D:3      | 1452 ||| FLEEEEING.
  1453 | D:3      | 1453 ||| FLEEEEING.
  1575 | D:3      | Reached skill level 5 in Ranged Weapons
  1794 | D:3      | 1794 ||| UPGRADING to +0 pair of gloves.
  1799 | D:3      | 1799 ||| UPGRADING to ring of positive energy.
  1800 | D:3      | 1800 ||| UPGRADING to +6 ring of strength.
  1801 | D:3      | 1801 ||| READING scroll labelled XESKIU QOFEUWI.
  1802 | D:3      | 1802 ||| READING scroll labelled SUTYOS OCHAR.
  1803 | D:3      | 1803 ||| READING 2 scrolls of identify.
  1803 | D:3      | 1803 ||| IDENTIFYING brown potion
  1821 | D:4      | Noticed a black bear
  1826 | D:4      | Noticed a sky beast
  1828 | D:4      | Killed a black bear
  1829 | D:4      | Reached skill level 3 in Fighting
  1829 | D:4      | Reached XP level 6. HP: 38/38 MP: 7/7
  1839 | D:4      | Killed a sky beast
  1894 | D:4      | Reached skill level 6 in Ranged Weapons
  1985 | D:4      | Reached XP level 7. HP: 36/43 MP: 8/8
  2095 | D:4      | Found a staircase to the Ecumenical Temple.
  2096 | D:4      | 2096 ||| PLANNING TEMPLE
  2113 | D:4      | Noticed Natasha
  2126 | D:4      | Killed Natasha
  2141 | D:4      | Noticed Natasha
  2156 | D:4      | Killed Natasha
  2203 | Temple   | Entered the Ecumenical Temple
  2228 | Temple   | 2228 ||| PLANNING D:1-11
  2341 | D:4      | Found Biukifar's Magic Scroll Shoppe.
  2344 | D:4      | 2344 ||| SHOPLISTING scroll of acquirement (624 gold, have
                  | 204).
  2344 | D:4      | 2344 ||| BUYING scroll of identify (24 gold).
  2344 | D:4      | Bought a scroll of identify for 24 gold pieces
  2344 | D:4      | 2344 ||| BUYING scroll of identify (24 gold).
  2344 | D:4      | Bought a scroll of identify for 24 gold pieces
  2344 | D:4      | 2344 ||| BUYING scroll of identify (24 gold).
  2344 | D:4      | Bought a scroll of identify for 24 gold pieces
  2344 | D:4      | 2344 ||| BUYING scroll of identify (24 gold).
  2344 | D:4      | Bought a scroll of identify for 24 gold pieces
  2344 | D:4      | 2344 ||| BUYING scroll of identify (24 gold).
  2344 | D:4      | Bought a scroll of identify for 24 gold pieces
  2344 | D:4      | 2344 ||| BUYING scroll of teleportation (36 gold).
  2344 | D:4      | Bought a scroll of teleportation for 36 gold pieces
  2505 | D:4      | Reached skill level 7 in Ranged Weapons
  2511 | D:4      | HP: 4/43 [orc priest/divine providence (8)]
  2512 | D:4      | 2512 ||| READING scroll of teleportation.
  2512 | D:4      | Slain by an orc priest

Levels and vault maps discovered:
D:1:      wheals_arrival_shading, layout_rooms, minmay_statues_item
D:2:      layout_loops_ring, shapermc_ecumenical_altar_venn, serial_glass,
          glass_columns_b, glass_columns_a, glass_columns_a, glass_columns_a,
          glass_columns_a
D:3:      minmay_octagon_keep, layout_rooms, bloody_makhleb
D:4:      minmay_evil_eye, layout_basic, minmay_temple_entry_overgrown,
          serial_shops, nicolae_shop_rolled_up, uniq_natasha
Temple:   nicolae_temple_ecumenical_triangle

Skill      XL: |  1  2  3  4  5  6  7 |
---------------+----------------------+-----
Ranged Weapons | 3 4 5 6 7 |  7.0
Fighting       | 2 3 4 |  4.0
Armour         | 1 |  1.2
Dodging        | |  1.5
Spellcasting   | |  1.0
Hexes          | |  2.6

Action                     |  1- 3 |  4- 6 |  7- 9 || total
---------------------------+-------+-------+-------++-------
   Fire: Sling             |    81 |   125 |    82 ||   288
    Use: Scroll            |     8 |     3 |     1 ||    12
         Potion            |     1 |       |       ||     1
 Armour: Robe              |     2 |       |       ||     2
         Ring mail         |     8 |    39 |    32 ||    79
  Dodge: Dodged            |    17 |    62 |    50 ||   129

Table legend:
 A = Non-vault XP
 B = Vault XP
 C = Vault XP percentage of total XP
 D = Non-vault monster count
 E = Vault monster count
 F = Vault count percentage of total count
                 A         B        C        D         E       F
            +---------+---------+-------+---------+---------+-------
      Total |     821 |      65 |   7.3 |      78 |      14 |  15.2
            +---------+---------+-------+---------+---------+-------
        D:1 |      32 |       0 |   0.0 |      18 |       0 |   0.0
        D:2 |      52 |       0 |   0.0 |      10 |       0 |   0.0
        D:3 |     133 |      30 |  18.4 |      24 |      13 |  35.1
        D:4 |     604 |      35 |   5.5 |      26 |       1 |   3.7
            +---------+---------+-------+---------+---------+-------
